 Dungeon Crawl Stone Soup version 0.21.1-1-g345015f (webtiles) character file.

11738 Fang the Cleaver (level 11, -1/106 HPs)
             Began as a Gargoyle Berserker on May 20, 2018.
             Was a High Priest of Trog.
             Slain by a death yak (20 damage)
             ... on level 11 of the Dungeon on May 21, 2018.
             The game lasted 00:22:01 (12070 turns).

Fang the Cleaver (Gargoyle Berserker)              Turns: 12070, Time: 00:22:01

Health: -1/106     AC: 13    Str: 30    XL:     11   Next: 82%
Magic:  20/20      EV: 15    Int:  7    God:    Trog [*****.]
Gold:   820        SH:  0    Dex: 12    Spells: 10/10 levels left

rFire    . . .     SeeInvis .   p - +4 hand axe (elec)
rCold    . . .     Gourm    .   (no shield)
rNeg     + . .     Faith    .   H - +0 leather armour of Cloud Cover {+Fly rPois Dex+3}
rPois    ∞         Spirit   .   h - +2 hat
rElec    +         Reflect  .   (no cloak)
rCorr    .         Harm     .   (no gloves)
MR       .....                  (no boots)
Stlth    ..........             F - amulet of magic regeneration
HPRegen  0.27/turn              u - ring of magical power
MPRegen  0.42/turn              b - ring of stealth

@: berserking (expiring), very quick
A: negative energy resistance 1, electricity resistance, unbreathing,
petrification resistance, rot immunity, AC +8
a: Berserk, Trog's Hand, Brothers in Arms, Burn Spellbooks, Renounce Religion,
Evoke Flight


You were on level 11 of the Dungeon.
You worshipped Trog.
Trog was extremely pleased with you.
You were not hungry.

You visited 1 branch of the dungeon, and saw 11 of its levels.
You also visited: Sewer.

You collected 820 gold pieces.

Inventory:

Hand Weapons
 k - a +1 broad axe of chopping
 p - a +4 hand axe of electrocution (weapon)
 G - a +4 war axe of freezing
Missiles
 q - 5 javelins (quivered)
Armour
 h - a +2 hat (worn)
 H - the +0 leather armour of Cloud Cover (worn) {+Fly rPois Dex+3}
   (You found it on level 8 of the Dungeon)

   It affects your dexterity (+3).
   It protects you from poison.
   It lets you fly.
Jewellery
 b - a ring of stealth (right hand)
 u - a ring of magical power (left hand)
 F - an amulet of magic regeneration (around neck)
Wands
 d - a wand of iceblast (6)
 s - a wand of polymorph (9)
 w - a wand of digging (15)
 x - a wand of acid (13)
 E - a wand of random effects (21)
Scrolls
 e - 5 scrolls of magic mapping
 i - 9 scrolls of enchant armour
 l - 6 scrolls of remove curse
 o - a scroll of teleportation
 y - a scroll of fog
 J - 2 scrolls of blinking
 K - a scroll of identify
 L - a scroll of noise {unknown}
Potions
 a - 2 potions of mutation
 f - 3 potions of invisibility
 g - 6 potions of curing
 j - a potion of agility
 m - a potion of heal wounds
 n - 3 potions of might
 r - 3 potions of flight
 t - a potion of cancellation
 z - 2 potions of haste
 A - a potion of brilliance
 D - 3 potions of magic
 I - 3 potions of lignification
Books
 B - a book of Maledictions

   Spells                             Type                      Level
   a - Corona                         Hexes                        1
   b - Ensorcelled Hibernation        Hexes/Ice                    2
   c - Confuse                        Hexes                        3
   d - Tukima's Dance                 Hexes                        3
   e - Dazzling Spray                 Conjuration/Hexes            3
   Trog disapproves of the use of such an item.
 C - the Volume of the Floating Frostbite
   (You found it on level 7 of the Dungeon)

   Spells                             Type                      Level
   a - Mephitic Cloud                 Conjuration/Poison/Air       3
   b - Airstrike                      Air                          4
   c - Metabolic Englaciation         Hexes/Ice                    5
   d - Bolt of Cold                   Conjuration/Ice              6
   Trog disapproves of the use of such an item.
 M - a book of Beasts

   Spells                             Type                      Level
   a - Summon Butterflies             Summoning                    1
   b - Call Canine Familiar           Summoning                    3
   c - Summon Ice Beast               Ice/Summoning                4
   d - Summon Mana Viper              Hexes/Summoning              5
   e - Summon Hydra                   Summoning                    7
   Trog disapproves of the use of such an item.
Comestibles
 c - 9 rations
 v - 2 chunks of flesh


   Skills:
 + Level 9.0 Fighting
 + Level 11.8 Axes
 + Level 5.0 Armour
 + Level 7.3 Dodging
 + Level 6.7 Stealth


You had 10 spell levels left.
You didn't know any spells.

Dungeon Overview and Level Annotations

Branches:
Dungeon (11/15)            Temple (0/1) D:4            Lair (0/6) D:11
    Orc (0/2) D:9

Altars:
Cheibriados
Elyvilon
Hepliaklqana
Ru
Sif Muna
Trog

Shops:
D:4 (   D:6 *   D:7 [

Portals:
Bazaar: D:11

Annotations:
D:10 1 exclusion


Innate Abilities, Weirdness & Mutations

You are resistant to torment.
Your stone body is resilient. (AC +8)
You are immune to poison.
You resist negative energy. (rN+)
You are resistant to electric shocks. (rElec)
You can survive without breathing.
You are immune to petrification.
You are immune to rotting.


Message History

You slash the crimson imp!
Lightning courses through the crimson imp!
You kill the crimson imp!
Trog accepts your kill.
You slice the death yak!!
The death yak is almost dead.
You hit the death yak. You barely miss the death yak. You hit the death yak.
You hear the stately tolling of a distant bell.
The orc hits you but does no damage. The death yak completely misses you.
The death yak gores you!
* * * LOW HITPOINT WARNING * * *
The death yak gores you.
* * * LOW HITPOINT WARNING * * *
You slash the death yak!
The death yak is almost dead.
You slash the death yak!
Lightning courses through the death yak!
You hit the death yak but do no damage. You hit the death yak.
The death yak gores you!!
You die...

#..# # ....... ...# #..###
....... ...# #..##. .......#...#
###..... .....>Y....######...)##.
....................)...
.......o....#####.#.##).
......YY....# #.#.....
.....YY@Y..# #.####..
##........((#### #.# #..
...#######.# #.# #.. #..# #.#
#.####.. ##### #..#
#.#########.#..... ..... #..#
#.##........#.....
##.#.##..#######.##.########.<..#
#............([.....# #.........
..##.......<.....#### #.######.#


You could see 6 death yaks and an orc.

Vanquished Creatures
  3 two-headed ogres
  Urug (D:11)
  The ghost of Grorgnorb the Cruncher, a novice HuWn of Qazlal (D:8)
  Pikel (D:4)
  An ugly thing (D:11)
  An orc knight (D:11)
  3 trolls
  Grinder (D:4)
  3 yaks (D:11)
  A steam dragon (D:8)
  A hungry ghost (D:8)
  Edmund (D:4)
  Duvessa (D:5)
  A warg (D:11)
  5 orc warriors
  A slave (D:4)
  3 ice beasts
  3 black bears
  A necrophage (D:6)
  2 phantoms
  6 sky beasts
  3 ogres
  7 centaurs
  2 big kobolds
  5 bullfrogs
  A gnoll sergeant (D:11)
  Dowan (D:5)
  2 scorpions
  9 wights
  A howler monkey (D:6)
  8 crimson imps
  A quasit (D:9)
  8 orc priests
  7 hounds
  2 jellies
  A centaur skeleton (D:6)
  4 iguanas
  11 orc wizards
  8 worker ants
  A killer bee zombie (D:7)
  A hound zombie (D:4)
  A hound skeleton (D:4)
  2 worker ant zombies
  14 adders
  6 gnolls
  2 river rats (Sewer)
  4 shadow imps
  4 oozes
  2 adder skeletons
  11 worms
  2 dart slugs (D:1)
  4 leopard geckos
  36 orcs
  10 bats
  3 giant cockroaches
  7 goblins
  8 hobgoblins
  8 jackals
  21 kobolds
  3 quokkas
  4 ball pythons
  7 frilled lizards
  A giant cockroach zombie (D:6)
  A quokka skeleton (D:9)
  A quokka zombie (D:6)
  19 rats
  5 fungi (D:5)
310 creatures vanquished.

Vanquished Creatures (others)
  A wyvern skeleton (D:9)
  An orc (D:4)
  4 jackals (D:4)
6 creatures vanquished.

Grand Total: 316 creatures vanquished

Notes
Turn   | Place    | Note
-------+----------+-------------------------------------------
     0 | D:1      | Fang the Gargoyle Berserker began the quest for the Orb.
     0 | D:1      | Reached XP level 1. HP: 14/14 MP: 1/1
   154 | D:1      | Reached XP level 2. HP: 19/19 MP: 2/2
   295 | D:1      | Reached skill level 3 in Axes
   890 | D:1      | Reached XP level 3. HP: 24/24 MP: 3/3
  1375 | D:2      | Found a deep blue altar of Sif Muna.
  1614 | D:2      | Reached ** piety under Trog
  1633 | D:2      | Reached XP level 4. HP: 29/29 MP: 4/4
  1750 | D:2      | Found a sacrificial altar of Ru.
  1929 | D:3      | Reached skill level 4 in Axes
  2186 | D:3      | Reached XP level 5. HP: 19/33 MP: 5/5
  2195 | D:3      | Reached *** piety under Trog
  3025 | D:4      | Noticed Grinder
  3030 | D:4      | Paralysed by Grinder for 5 turns
  3039 | D:4      | Killed Grinder
  3039 | D:4      | Reached skill level 5 in Axes
  3039 | D:4      | Reached XP level 6. HP: 39/39 MP: 6/6
  3222 | D:4      | Found a staircase to the Ecumenical Temple.
  3287 | D:4      | Noticed a slave
  3290 | D:4      | Noticed Pikel
  3291 | D:4      | Noticed a slave
  3294 | D:4      | Noticed a slave
  3294 | D:4      | Killed a slave
  3298 | D:4      | Noticed a slave
  3299 | D:4      | Killed Pikel
  3299 | D:4      | Reached skill level 5 in Fighting
  3299 | D:4      | Reached skill level 6 in Axes
  3299 | D:4      | Reached XP level 7. HP: 44/44 MP: 7/7
  3299 | D:4      | Reached XP level 8. HP: 49/49 MP: 8/8
  3688 | D:4      | Found Daixe's Antique Weapon Shop.
  3834 | D:4      | Noticed Edmund
  3840 | D:4      | Reached skill level 1 in Stealth
  3848 | D:4      | Killed Edmund
  4326 | D:5      | Entered Level 5 of the Dungeon
  4349 | D:5      | Reached skill level 5 in Dodging
  4416 | D:5      | Reached skill level 7 in Axes
  4418 | D:5      | Reached **** piety under Trog
  4425 | D:5      | Found a hazy altar of Hepliaklqana.
  4663 | D:5      | Noticed a moth of wrath
  4663 | D:5      | Noticed Duvessa
  4664 | D:5      | Noticed Dowan
  4670 | D:5      | Killed Duvessa
  4672 | D:5      | Killed Dowan
  4675 | D:5      | Found a bloodstained altar of Trog.
  4728 | D:5      | Reached XP level 9. HP: 55/55 MP: 9/9
  4744 | D:5      | Found a glowing drain.
  4759 | Sewer    | Entered a sewer
  5305 | D:5      | Reached skill level 8 in Axes
  5593 | D:6      | Reached ***** piety under Trog
  5825 | D:6      | Found a snail-covered altar of Cheibriados.
  5963 | D:6      | Found Gyro Dac's Assorted Antiques.
  6397 | D:7      | Found Ymaj's Armour Emporium.
  6437 | D:7      | Reached skill level 9 in Axes
  6516 | D:7      | Identified the Volume of the Floating Frostbite
  6865 | D:7      | Reached XP level 10. HP: 52/61 MP: 10/10
  7489 | D:8      | Noticed Grorgnorb's ghost (novice HuWn)
  7504 | D:8      | Killed Grorgnorb's ghost
  7504 | D:8      | Received a gift from Trog
  7624 | D:8      | Reached skill level 10 in Axes
  8454 | D:8      | Got a bronze leather armour
  8465 | D:8      | Identified the cursed +0 leather armour of Cloud Cover {+Fly rPois Dex+3} (You found it on level 8 of the Dungeon)
  9094 | D:9      | Reached skill level 5 in Stealth
  9240 | D:9      | Noticed a two-headed ogre
  9253 | D:9      | Killed a two-headed ogre
  9483 | D:9      | Reached XP level 11. HP: 15/68 MP: 11/11
 10058 | D:9      | Found a staircase to the Orcish Mines.
 10316 | D:9      | Reached skill level 11 in Axes
 10351 | D:9      | Found a white marble altar of Elyvilon.
 10449 | D:10     | Entered Level 10 of the Dungeon
 10714 | D:10     | Noticed a two-headed ogre
 10721 | D:10     | Killed a two-headed ogre
 10865 | D:10     | Noticed a two-headed ogre
 10873 | D:10     | Killed a two-headed ogre
 11496 | D:11     | Noticed Urug
 11505 | D:11     | Killed Urug
 11506 | D:11     | Noticed an orc knight
 11811 | D:11     | Noticed a green ugly thing
 11845 | D:11     | Killed a green ugly thing
 11901 | D:11     | Killed an orc knight
 11906 | D:11     | Reached skill level 5 in Armour
 11975 | D:11     | Found a flickering gateway to a bazaar.
 12057 | D:11     | Noticed a death yak
 12059 | D:11     | Found a staircase to the Lair.
 12059 | D:11     | Noticed a death yak
 12061 | D:11     | Noticed a death yak
 12061 | D:11     | Noticed a death yak
 12062 | D:11     | Noticed a death yak
 12062 | D:11     | Noticed a death yak
 12070 | D:11     | Slain by a death yak

Skill      XL: |  1  2  3  4  5  6  7  8  9 10 11 |
---------------+----------------------------------+-----
Axes           | 3 4 5 6 7 9 10 11 | 11.8
Dodging        | 2 3 4 5 6 7 |  7.3
Fighting       | 4 5 6 7 9 |  9.0
Stealth        | 2 3 5 6 |  6.7
Armour         | 3 4 5 |  5.0

Action                   |  1- 3 |  4- 6 |  7- 9 | 10-12 || total
-------------------------+-------+-------+-------+-------++-------
Melee: Hand axe          |   130 |   111 |   303 |   361 ||   905
Throw: Javelin           |       |       |       |     1 ||     1
Invok: Berserk           |     2 |     4 |     2 |     8 ||    16
       Burn Spellbooks   |       |     1 |     1 |     1 ||     3
  Use: Scroll            |       |    10 |     3 |    11 ||    24
       Potion            |       |       |     5 |     1 ||     6
 Stab: Sleeping          |       |       |     3 |    13 ||    16
       Distracted        |       |       |       |     1 ||     1
  Eat: Chunk             |     3 |     9 |    15 |     8 ||    35
       Ration            |       |       |       |     5 ||     5
Armor: Animal skin       |    53 |    44 |    10 |       ||   107
       Leather armour    |       |       |    94 |   110 ||   204
Dodge: Dodged            |    85 |    82 |   152 |   217 ||   536
